 Dungeon Crawl Stone Soup version 0.24.0-28-g17ded55e90 (webtiles) character file.

Game seed: 5957226338375394351, levelgen mode: deterministic

172 Delamore the Chopper (level 5, -3/45 HPs)
             Began as a Hill Orc Fighter on Nov 11, 2019.
             Was a Follower of Kikubaaqudgha.
             Killed from afar by an orc wizard (4 damage)
             ... with a puff of flame
             ... on level 4 of the Dungeon.
             The game lasted 00:04:45 (2803 turns).

Delamore the Chopper (Hill Orc Fighter)             Turns: 2803, Time: 00:04:46

Health: -3/45      AC:  9    Str: 20    XL:     5   Next: 52%
Magic:  5/5        EV:  7    Int:  8    God:    Kikubaaqudgha [*.....]
Gold:   138        SH:  9    Dex: 10    Spells: 4/5 levels left

rFire    + . .     SeeInvis .   a - +0 war axe
rCold    . . .     Gourm    +   c - +0 shield
rNeg     . . .     Faith    .   b - +0 scale mail
rPois    .         Spirit   .   q - +0 helmet
rElec    .         Reflect  .   (no cloak)
rCorr    .         Harm     .   (no gloves)
MR       +....                  t - +0 pair of boots {run}
Stlth    ..........             w - amulet of the gourmand
HPRegen  0.15/turn              g - ring of protection from magic
MPRegen  0.09/turn              n - ring of protection from fire

@: quick
A: no striking features
a: Receive Corpses, Renounce Religion


You were on level 4 of the Dungeon.
You worshipped Kikubaaqudgha.
Kikubaaqudgha was aware of your devotion.
You were not hungry.

You visited 1 branch of the dungeon, and saw 4 of its levels.

You collected 138 gold pieces.

Inventory:

Hand Weapons
 a - a +0 war axe (weapon)
Missiles
 e - 3 boomerangs of dispersal (quivered)
Armour
 b - a +0 scale mail (worn)
 c - a +0 shield (worn)
 q - a +0 helmet (worn)
 t - a +0 pair of boots of running (worn)
 z - a +0 plate armour
Jewellery
 g - a ring of protection from magic (left hand)
 n - a ring of protection from fire (right hand)
 w - an amulet of the gourmand (around neck)
 x - an uncursed amulet of faith {unknown}
Wands
 A - a wand of paralysis (4)
Scrolls
 h - a scroll of noise {unknown}
 i - 5 scrolls of teleportation {unknown}
 j - a scroll of remove curse {unknown}
 k - a scroll of amnesia {unknown}
 l - a scroll of fog {unknown}
 m - 3 scrolls of fear {unknown}
 u - 3 scrolls of enchant armour {unknown}
 y - 3 scrolls of identify {unknown}
 C - a scroll of magic mapping {unknown}
Potions
 d - 4 potions of might
 o - a potion of heal wounds {unknown}
 p - 3 potions of lignification {unknown}
 r - 2 potions of agility {unknown}
 s - 3 potions of curing {unknown}
 v - a potion of flight {unknown}
 B - a potion of haste {unknown}
 D - a potion of mutation {unknown}
Comestibles
 f - 4 rations


   Skills:
 - Level 3.6 Fighting
 + Level 7.0 Axes
 - Level 3.2 Armour
 - Level 3.2 Shields
 + Level 0.5 Spellcasting
 + Level 0.8 Necromancy


You had 4 spell levels left.
You knew the following spells:

 Your Spells              Type           Power        Failure   Level  Hunger
a - Pain                  Necr           #...         98%         1    ##.....

Your spell library contained the following spells:

 Spells                   Type           Power        Failure   Level  Hunger
 Animate Skeleton         Necr           N/A          98%         1    ##.....
 Sublimation of Blood     Necr           #.........   99%         2    ###....
 Regeneration             Chrm/Necr      #.........   100%        3    ####...


Dungeon Overview and Level Annotations

Branches:
Dungeon (4/15)
 Temple: D:4-7

Altars:
Kikubaaqudgha


Message History

An orc wizard appears from thin air!
Reactivating autopickup.
You block the leopard gecko's attack.
The orc wizard mumbles some strange words.
The orc wizard flickers and vanishes!
Deactivating autopickup; reactivate with Ctrl-A.
The leopard gecko closely misses you. Something hits you.
* * * LOW HITPOINT WARNING * * *
The leopard gecko bites you but does no damage.
Something hits you but does no damage.
The leopard gecko hisses menacingly.
The leopard gecko completely misses you.
You block something's attack.
The leopard gecko bites you but does no damage.
You block the leopard gecko's attack.
You hear some strange, mumbled words.
A puff of flame appears from out of thin air!
The puff of flame hits you. You resist.
You die...
Kikubaaqudgha rasps: "You have failed me!
Welcome... death!"

####^#
....# #.#.#
#
###.#.##.#
#.##.......
#....l.#$##
#@[.$#####
#{[..<...#
#.#..###.#
#....[.#..#
#.##.###..#
#. #..# #
#..# #..#
#..#


You could see a leopard gecko.

Vanquished Creatures
  An orc wizard (D:4)
  5 adders
  A worm (D:3)
  2 dart slugs (D:1)
  7 leopard geckos
  8 orcs
  4 giant cockroaches
  11 goblins
  8 hobgoblins
  2 jackals (D:1)
  A quokka (D:2)
  A ball python (D:2)
  6 bats
  7 frilled lizards
  5 kobolds
  8 rats
77 creatures vanquished.

Notes
Turn   | Place    | Note
-------+----------+-------------------------------------------
     0 | D:1      | Delamore the Hill Orc Fighter began the quest for the Orb.
     0 | D:1      | Reached XP level 1. HP: 19/19 MP: 1/1
    20 | D:1      | Reached skill level 3 in Axes
    78 | D:1      | Reached XP level 2. HP: 26/26 MP: 2/2
   450 | D:1      | Reached skill level 4 in Axes
   538 | D:1      | Reached XP level 3. HP: 18/31 MP: 3/3
   540 | D:1      | You fall into a shaft and drop 1 floor!
   994 | D:1      | Reached skill level 5 in Axes
  1229 | D:2      | Identified a +0 pair of boots of running (You found it on
                  | level 2 of the Dungeon)
  1267 | D:2      | Reached XP level 4. HP: 37/39 MP: 4/4
  1858 | D:2      | Reached skill level 6 in Axes
  2360 | D:3      | Reached XP level 5. HP: 45/45 MP: 5/5
  2451 | D:3      | Found a faded altar of an unknown god.
  2460 | D:3      | Became a worshipper of Kikubaaqudgha
  2460 | D:3      | Reached * piety under Kikubaaqudgha
  2460 | D:3      | Identified Kikubaaqudgha's Reference Book on Black Rituals
                  | (Kikubaaqudgha gifted it to you on level 3 of the Dungeon)
  2460 | D:3      | Received a gift from Kikubaaqudgha
  2466 | D:3      | Learned a level 1 spell: Pain
  2743 | D:4      | Reached skill level 7 in Axes
  2796 | D:4      | HP: 1/45 [something (2)]
  2803 | D:4      | Killed from afar by an orc wizard

Levels and vault maps discovered:
D:1:      lightli_arrival_chessboard, layout_loops_ring
D:2:      layout_loops_ring
D:3:      layout_basic, serial_corexii_hall, chequers_hall_statues_corner_a,
          corexii_hall_statues_u, chequers_ecumenical_altar_simple_redux
D:4:      layout_loops_ring, serial_shops, shop_scrolls,
          nicolae_shop_window_shopping, shop, cheibrodos_ashenzari_chains,
          uniq_edmund

Skill      XL: |  1  2  3  4  5 |
---------------+----------------+-----
Axes           | 3 4 5 6 7 |  7.0
Fighting       | |  3.6
Armour         | |  3.2
Shields        | |  3.2
Spellcasting   | |  0.5
Necromancy     | |  0.8

Action                   |  1- 3 |  4- 6 || total
-------------------------+-------+-------++-------
Melee: War axe           |   121 |   169 ||   290
  Eat: Chunk             |     1 |     9 ||    10
Armor: Scale mail        |    56 |   121 ||   177
Dodge: Dodged            |    31 |    62 ||    93
Block: Shield            |    62 |    96 ||   158
